 Dungeon Crawl Stone Soup version 0.29.1-15-g9cfb28693d (webtiles) character file.

Game seed: 10273690064724121988

2220 BigDaddyOpFi the Magician (level 9, -2/66 HPs)
             Began as a Gnoll Fire Elementalist on Mar 28, 2023.
             Slain by a steam dragon (3 damage)
             ... on level 6 of the Dungeon.
             The game lasted 00:08:20 (8203 turns).

BigDaddyOpFi the Magician (Gnoll Fire Elementalist) Turns: 8203, Time: 00:08:20

Health: -2/66      AC:  7    Str: 14    XL:     9   Next: 35%
Magic:  12/19      EV: 15    Int: 19    God:
Gold:   388        SH:  0    Dex: 17    Spells: 11/21 levels left

rFire   x . .      SeeInvis .   i - +2 falchion (flame)
rCold   + . .      Faith    .   (no shield)
rNeg    + . .      Spirit   .   a - +2 robe
rPois   .          Reflect  .   l - +0 helmet
rElec   +          Harm     .   (no cloak)
rCorr   .          Rampage  .   k - +0 pair of gloves
Will    .....                   d - +0 pair of boots
Stlth   +++.......              (no amulet)
HPRegen 0.21/turn               r - ring of Zele {rElec rN+ Str+6}
MPRegen 0.16/turn               n - ring of the Snail {Wiz rF- rC+ Dex+5 Slay+3}

@: hasted, very quick
A: fangs 1, strong nose, distributed training
a: no special abilities


You were on level 6 of the Dungeon.
You visited 1 branch of the dungeon, and saw 6 of its levels.

You collected 388 gold pieces.

Inventory:

Hand Weapons
 i - a +2 falchion of flaming (weapon)
Armour
 a - a +2 robe (worn)
 d - a +0 pair of boots (worn)
 k - a +0 pair of gloves (worn)
 l - a +0 helmet (worn)
Magical Staves
 e - a staff of death
 o - a staff of conjuration
Jewellery
 b - a ring of protection from fire
 c - a ring of flight
 n - the ring of the Snail (right hand) {Wiz rF- rC+ Dex+5 Slay+3}
   (You found it on level 3 of the Dungeon)

   [ring of wizardry]

   It improves your spell success rate.
   Dex:       It affects your dexterity (+5).
   Slay:      It affects your accuracy & damage with ranged weapons and melee
   (+3).
   rF:        It makes you vulnerable to fire.
   rC:        It protects you from cold.
 r - the ring of Zele (left hand) {rElec rN+ Str+6}
   (You found it on level 4 of the Dungeon)

   [ring of positive energy]

   Str:       It affects your strength (+6).
   rElec:     It insulates you from electricity.
   rN:        It protects you from negative energy.
 u - a ring of resist corrosion
Wands
 m - a wand of flame (18)
 x - a wand of polymorph (9)
Scrolls
 g - a scroll of silence
 h - a scroll of noise
 q - 2 scrolls of torment
 s - a scroll of teleportation
 y - a scroll of magic mapping
Potions
 f - a potion of curing
 j - a potion of mutation
 p - a potion of might {unknown}
 t - 2 potions of degeneration {unknown}
 w - a potion of resistance {unknown}


   Skills:
 + Level 4.3 Fighting
 + Level 4.3 Short Blades
 + Level 4.3 Long Blades
 + Level 4.3 Axes
 + Level 4.3 Maces & Flails
 + Level 4.3 Polearms
 + Level 4.3 Staves
 + Level 4.3 Ranged Weapons
 + Level 4.3 Throwing
 + Level 4.3 Armour
 + Level 6.3 Dodging
 + Level 6.1 Stealth
 + Level 4.3 Shields
 + Level 4.3 Unarmed Combat
 + Level 6.7 Spellcasting
 + Level 4.2 Conjurations
 + Level 3.5 Hexes
 + Level 3.5 Summonings
 + Level 3.5 Necromancy
 + Level 3.5 Translocations
 + Level 3.5 Transmutations
 + Level 6.6 Fire Magic
 + Level 3.5 Ice Magic
 + Level 3.5 Air Magic
 + Level 3.5 Earth Magic
 + Level 3.5 Poison Magic
 + Level 4.7 Invocations
 + Level 4.3 Evocations


You had 11 spell levels left.
You knew the following spells:

 Your Spells              Type           Power      Damage    Failure   Level
a - Foxfire               Conj/Fire      100%       2x1d9     1%          1
b - Scorch                Fire           62%        2d8       1%          2
c - Flame Wave            Conj/Fire      26%        2d8       4%          4
d - Inner Flame           Hex/Fire       25%        N/A       1%          3

Your spell library contained the following spells:

 Spells                   Type           Power      Damage    Failure   Level
 Poisonous Vapours        Pois/Air       38%        N/A       1%          2
 Conjure Flame            Conj/Fire      26%        6-21      1%          3
 Corpse Rot               Necr/Pois/Air  19%        N/A       10%         4


Dungeon Overview and Level Annotations

Branches:
Dungeon (6/15)
 Temple: D:4-7

Altars:
Elyvilon
Trog
Yredelemnul
Zin
The Shining One

Shops:
D:4 ?


Innate Abilities, Weirdness & Mutations

You have very sharp teeth.
Your uncanny sense of smell can sniff out nearby items.
Your experience applies equally to all skills.


Message History

The bullfrog closely misses you. Something hits you!
The bullfrog is engulfed in a cloud of scalding steam.
The bullfrog misses you. Something hits you but does no damage.
The steam dragon closely misses you. The steam dragon misses you.
Casting: Scorch (safe; 1% risk of failure)
Confirm with . or Enter, or press ? or * to list all spells.
Flames lash the steam dragon.
The steam dragon is burned terribly!
The steam dragon is almost dead.
You are engulfed in a cloud of scalding steam.
Something hits you. x2
The bullfrog is engulfed in a cloud of scalding steam.
The bullfrog misses you.
The steam dragon bites you but does no damage.
The steam dragon misses you.
Really read the scroll of torment?
Okay, then.
You feel better. Something hits you.
The bullfrog is engulfed in a cloud of scalding steam.
The bullfrog dies!
The steam dragon breathes steam at you. The ball of steam misses you.
You feel yourself speed up.
You are engulfed in a cloud of scalding steam.
* * * LOW HITPOINT WARNING * * *
Something hits you.
* * * LOW HITPOINT WARNING * * *
The steam dragon completely misses you. The steam dragon misses you.
Casting: Scorch (safe; 1% risk of failure)
Confirm with . or Enter, or press ? or * to list all spells.
Okay, then.
You slash something! You burn something. Your bite misses something.
You are engulfed in a cloud of scalding steam.
* * * LOW HITPOINT WARNING * * *
Something hits you.
* * * LOW HITPOINT WARNING * * *
Unknown command.
Something hits you!
* * * LOW HITPOINT WARNING * * *
The steam dragon bites you.
You die...

####........#
##.......##......
##.........#.#####
#..............
#.....####.....####
#.....#!.##...##.[#
#.....#...##.##...# ∆
#.....##..D#.#.÷.##
#......##@§#.#'÷## ..
#.......###§..###...#
#...........8........
#.......###...###...#
#......##.'#.#).## .#
##....##.).#.#...##
##...#...##.##...#
###.#..##...##..#
#.#### ... ####


You could see a steam dragon (combustible).

Vanquished Creatures
  Pikel (D:4)
  Grinder (D:4)
  Sigmund (D:3)
  Eustachio (D:4)
  A human (D:3)
  A water moccasin (D:6)
  An orc warrior (D:6)
  A phantom (D:4)
  4 scorpions
  A bullfrog (D:6)
  A hound (D:5)
  3 jellies (D:5)
  An orc priest (D:5)
  Jessica (D:2)
  3 iguanas
  Ijyb (D:3)
  2 orc wizards
  Robin (D:3)
  3 gnolls (D:5)
  11 adders
  3 worms
  4 dart slugs
  6 orcs
  3 bats
  6 endoplasms
  4 giant cockroaches
  15 goblins
  16 hobgoblins
  2 jackals (D:2)
  9 kobolds
  3 quokkas (D:1)
  6 ball pythons
  2 frilled lizards (D:1)
  A goblin zombie (D:3)
  A kobold zombie (D:3)
  3 rats
124 creatures vanquished.

Vanquished Creatures (others)
  A bullfrog (D:6)
  473 foxfires
474 creatures vanquished.

Grand Total: 598 creatures vanquished

Notes
Turn   | Place    | Note
-------+----------+-------------------------------------------
     0 | D:1      | BigDaddyOpFi the Gnoll Fire Elementalist began the quest
                  | for the Orb.
     0 | D:1      | Reached XP level 1. HP: 13/13 MP: 6/6
   221 | D:1      | Found a faded altar of an unknown god.
   503 | D:1      | Reached XP level 2. HP: 16/19 MP: 7/7
  1261 | D:1      | HP: 1/20 [quokka (3)]
  1263 | D:1      | Reached skill level 5 in Spellcasting
  1263 | D:1      | Reached XP level 3. HP: 1/25 MP: 4/9
  1601 | D:1      | Learned a level 2 spell: Scorch
  1884 | D:1      | Reached skill level 1 in Invocations
  2357 | D:2      | Found a glowing golden altar of the Shining One.
  2367 | D:2      | Reached skill level 1 in Fighting
  2367 | D:2      | Reached skill level 1 in Short Blades
  2367 | D:2      | Reached skill level 1 in Long Blades
  2367 | D:2      | Reached skill level 1 in Axes
  2367 | D:2      | Reached skill level 1 in Maces & Flails
  2367 | D:2      | Reached skill level 1 in Polearms
  2367 | D:2      | Reached skill level 1 in Staves
  2367 | D:2      | Reached skill level 1 in Ranged Weapons
  2367 | D:2      | Reached skill level 1 in Throwing
  2367 | D:2      | Reached skill level 1 in Armour
  2367 | D:2      | Reached skill level 1 in Shields
  2367 | D:2      | Reached skill level 1 in Unarmed Combat
  2367 | D:2      | Reached skill level 1 in Evocations
  2476 | D:2      | Reached XP level 4. HP: 32/32 MP: 8/11
  2613 | D:2      | Noticed Jessica
  2620 | D:2      | Killed Jessica
  2621 | D:2      | Reached skill level 1 in Hexes
  2621 | D:2      | Reached skill level 1 in Summonings
  2621 | D:2      | Reached skill level 1 in Necromancy
  2621 | D:2      | Reached skill level 1 in Translocations
  2621 | D:2      | Reached skill level 1 in Transmutations
  2621 | D:2      | Reached skill level 1 in Ice Magic
  2621 | D:2      | Reached skill level 1 in Air Magic
  2621 | D:2      | Reached skill level 1 in Earth Magic
  2621 | D:2      | Reached skill level 1 in Poison Magic
  3007 | D:3      | Identified the ring of the Snail {Wiz rF- rC+ Dex+5 Slay+3}
  3014 | D:3      | Found a glowing silver altar of Zin.
  3052 | D:3      | Noticed Robin
  3462 | D:3      | Killed Robin
  3463 | D:3      | Reached XP level 5. HP: 35/37 MP: 4/12
  3776 | D:3      | Learned a level 4 spell: Flame Wave
  3839 | D:3      | Noticed Ijyb
  3848 | D:3      | Killed Ijyb
  3952 | D:3      | Found a runed translucent door.
  3952 | D:3      | Noticed a human
  3972 | D:3      | Found a basalt altar of Yredelemnul.
  3982 | D:3      | Killed a human
  3983 | D:3      | Reached skill level 5 in Dodging
  3983 | D:3      | Reached XP level 6. HP: 44/44 MP: 3/14
  4515 | D:3      | Noticed Sigmund
  4522 | D:3      | Killed Sigmund
  4523 | D:3      | Reached XP level 7. HP: 46/51 MP: 7/15
  4877 | D:4      | Identified the ring of Zele {rElec rN+ Str+6}
  5113 | D:4      | Reached skill level 5 in Stealth
  5210 | D:4      | Found Egeucep's Magic Scroll Boutique.
  5368 | D:4      | Noticed Pikel
  5382 | D:4      | Killed Pikel
  5383 | D:4      | Reached XP level 8. HP: 22/58 MP: 5/17
  5839 | D:4      | Noticed Eustachio
  5850 | D:4      | Killed Eustachio
  5960 | D:4      | Found a white marble altar of Elyvilon.
  6091 | D:4      | Noticed Grinder
  6098 | D:4      | Killed Grinder
  6326 | D:4      | Found a bloodstained altar of Trog.
  6429 | D:5      | Entered Level 5 of the Dungeon
  6874 | D:5      | Reached XP level 9. HP: 56/65 MP: 13/18
  6878 | D:5      | Learned a level 3 spell: Inner Flame
  8203 | D:6      | HP: 1/66 [something (9)]
  8203 | D:6      | Slain by a steam dragon

Illustrated notes

Levels and vault maps discovered:
D:1:      heliophobic_arrival_dark_side_of_the_moon, layout_loops_corners,
          hellmonk_ecumenical_altar_run_dry, minmay_pentomino_t4
D:2:      layout_basic, basic_altar, uniq_jessica
D:3:      layout_basic, dk_yredelemnul_ordeal,
          mainiacjoe_overflow_surrounded_room, uniq_ijyb, uniq_sigmund,
          uniq_robin
D:4:      layout_cave_pools, trog_three_pillars_becter, elyvilon_altar_5,
          portal_sewer_entry_e, serial_shops, nicolae_shop_advertising_works
          [nicolae_subvault_shop_adworks], uniq_grinder, uniq_eustachio,
          uniq_pikel
D:5:      layout_basic
D:6:      cheibrodos_barr_body, layout_rooms, minmay_temple_entry_hall

Skill      XL: |  1  2  3  4  5  6  7  8  9 |
---------------+----------------------------+-----
Conjurations   | 2 3 4 |  4.2
Spellcasting   | 5 6 |  6.7
Invocations    | 1 2 3 4 |  4.7
Fighting       | 1 2 3 4 |  4.3
Short Blades   | 1 2 3 4 |  4.3
Long Blades    | 1 2 3 4 |  4.3
Axes           | 1 2 3 4 |  4.3
Maces & Flails | 1 2 3 4 |  4.3
Polearms       | 1 2 3 4 |  4.3
Staves         | 1 2 3 4 |  4.3
Ranged Weapons | 1 2 3 4 |  4.3
Throwing       | 1 2 3 4 |  4.3
Armour         | 1 2 3 4 |  4.3
Shields        | 1 2 3 4 |  4.3
Unarmed Combat | 1 2 3 4 |  4.3
Evocations     | 1 2 3 4 |  4.3
Hexes          | 1 2 3 |  3.5
Summonings     | 1 2 3 |  3.5
Necromancy     | 1 2 3 |  3.5
Translocations | 1 2 3 |  3.5
Transmutations | 1 2 3 |  3.5
Ice Magic      | 1 2 3 |  3.5
Air Magic      | 1 2 3 |  3.5
Earth Magic    | 1 2 3 |  3.5
Poison Magic   | 1 2 3 |  3.5
Dodging        | 5 6 |  6.3
Stealth        | 5 6 |  6.1
Fire Magic     | 6 |  6.6

Action                   |  1- 3 |  4- 6 |  7- 9 || total
-------------------------+-------+-------+-------++-------
Melee: Unarmed           |    13 |       |       ||    13
       Staff             |    46 |    16 |       ||    62
       Bite              |     6 |     2 |     1 ||     9
       Falchion          |       |     7 |    31 ||    38
 Cast: Foxfire           |    85 |    80 |   129 ||   294
       Scorch            |       |     8 |    57 ||    65
  Use: Potion            |     1 |     4 |     4 ||     9
       Scroll            |     7 |     3 |     3 ||    13
 Stab: Sleeping          |     2 |       |       ||     2
Armor: Robe              |    33 |    20 |    40 ||    93
Dodge: Dodged            |    76 |    52 |    81 ||   209
